 Dungeon Crawl Stone Soup version 0.24-a0-471-g3302cd442e (webtiles) character file.

Game seed: 14882110859045919472

4177 deorigin the Spear-Bearer (level 10, -2/73 HPs)
             Began as a Merfolk Ice Elementalist on July 4, 2019.
             Was a Follower of Makhleb.
             Slain by a seven-headed hydra (8 damage)
             ... on level 1 of the Lair of Beasts.
             The game lasted 00:42:13 (12934 turns).

deorigin the Spear-Bearer (MfIE)                   Turns: 12934, Time: 00:42:13

Health: -2/73      AC:  7    Str: 11    XL:     10   Next: 28%
Magic:  2/16       EV: 15    Int: 14    God:    Makhleb [*.....]
Gold:   443        SH:  0    Dex: 16    Spells: 8/17 levels left

rFire    x . .     SeeInvis .   C - +3 spear (curse)
rCold    + . .     Gourm    .   (no shield)
rNeg     + . .     Faith    .   J - +0 leather armour
rPois    .         Spirit   .   m - +2 helmet
rElec    .         Reflect  .   (no cloak)
rCorr    .         Harm     .   P - +0 pair of gloves
MR       .....                  (no boots)
Stlth    ++........             (no amulet)
HPRegen  0.22/turn              Y - ring of ice
MPRegen  0.15/turn              X - ring of positive energy

@: no status effects
A: change form in water, swift swim, stealthy swim
a: Renounce Religion


You were on level 1 of the Lair of Beasts.
You worshipped Makhleb.
Makhleb was aware of your devotion.
You were very hungry.

You visited 3 branches of the dungeon, and saw 11 of its levels.

You collected 443 gold pieces.

Inventory:

Hand Weapons
 z - a +0 hunting sling
 C - a cursed +3 spear (weapon)
 D - a +0 halberd
 I - a +0 trident
 K - a +1 dagger of venom
 T - a +0 rapier
 Z - a +3 dagger of distortion
Missiles
 e - a throwing net
 B - 128 stones (quivered)
 E - 55 poisoned darts
 L - 2 boomerangs of dispersal
 M - 10 boomerangs
 R - 29 sling bullets
Armour
 a - a +0 robe
 m - a +2 helmet (worn)
 o - a +0 ring mail
 t - a +0 shield
 u - a +0 ring mail
 w - a +0 leather armour
 J - a +0 leather armour (worn)
 P - a +0 pair of gloves (worn)
Jewellery
 H - an uncursed ring of flight
 V - an uncursed ring of fire
 X - a ring of positive energy (right hand)
 Y - a ring of ice (left hand)
Wands
 f - a wand of digging (3)
 v - a wand of paralysis (9)
 y - a wand of acid (5)
Scrolls
 b - a scroll of fear
 g - a scroll of fog
 k - a scroll of noise {unknown}
 n - 2 scrolls of teleportation
 p - 2 scrolls of magic mapping {unknown}
 q - 2 scrolls of blinking {unknown}
 r - a scroll of enchant armour {unknown}
 F - a scroll of amnesia {unknown}
 N - 2 scrolls of remove curse
 Q - a scroll of random uselessness {unknown}
 U - a scroll of enchant weapon {unknown}
Potions
 d - a potion of invisibility
 h - a potion of lignification
 i - a potion of mutation
 j - a potion of flight
 l - 5 potions of curing
 x - a potion of haste
 A - a potion of magic
 G - 2 potions of heal wounds {unknown}
 O - a potion of agility {unknown}
 S - a potion of ambrosia {unknown}
 W - a potion of cancellation {unknown}
Comestibles
 c - 14 rations


   Skills:
 - Level 4.9 Fighting
 - Level 11.3 Polearms
 - Level 6.1 Dodging
 - Level 2.1 Stealth
 - Level 4.4 Spellcasting
 - Level 3.7 Conjurations
 - Level 5.2 Summonings
 - Level 7.5 Ice Magic


You had 8 spell levels left.
You knew the following spells:

 Your Spells              Type           Power        Failure   Level  Hunger
a - Freeze                Ice            ####         1%          1    None
b - Summon Ice Beast      Ice/Summ       ####....     19%         4    ####...
c - Throw Icicle          Conj/Ice       ####....     24%         4    ####...

Your spell library contained the following spells:

 Spells                   Type           Power        Failure   Level  Hunger
 Throw Frost              Conj/Ice       ####..       3%          2    ##.....
 Sting                    Conj/Pois      #...         12%         1    None
 Ozocubu's Armour         Chrm/Ice       ###.....     16%         3    ###....
 Poisonous Vapours        Pois/Air       #.....       36%         2    ##.....
 Mephitic Cloud           Conj/Pois/Air  #.......     41%         3    ###....
 Olgreb's Toxic Radiance  Pois           #.......     94%         4    ####...
 Venom Bolt               Conj/Pois      #.........   97%         5    ######.


Dungeon Overview and Level Annotations

Branches:
Dungeon (9/15)             Temple (1/1) D:4            Lair (1/6) D:9
    Orc: D:9-12

Altars:
Ashenzari
Cheibriados
Dithmenos
Elyvilon
Hepliaklqana
Kikubaaqudgha
Makhleb
Nemelex Xobeh
Okawaru
Qazlal
Ru
Sif Muna
Uskayaw
Vehumet
Wu Jian
Xom
The Shining One
Lugonu

Annotations:
D:4 3 runed translucent doors, tstbtto's ghost, amateur HuBe


Message History

The seven-headed hydra is severely wounded.
The seven-headed hydra closely misses you.
The seven-headed hydra bites you but does no damage.
The seven-headed hydra bites you! x3; The seven-headed hydra bites you.
The seven-headed hydra bites you but does no damage.
Unknown command.
You hit the seven-headed hydra.
The seven-headed hydra is severely wounded.
Unknown command.
You hit the seven-headed hydra but do no damage.
The seven-headed hydra is severely wounded.
The seven-headed hydra barely misses you.
The seven-headed hydra bites you! The seven-headed hydra bites you.
The seven-headed hydra completely misses you.
The seven-headed hydra bites you!
* * * LOW HITPOINT WARNING * * *
The seven-headed hydra bites you!
* * * LOW HITPOINT WARNING * * *
The seven-headed hydra bites you!
You die...

#........'...####
#........##†P##P##
#........##......##
#.....)..####.#....
#........# #######
#........#
#P.#.+#### ###...#
#@D### #+#.#
#.............
#.............
#.............
#.$....[|.....
#.............
#P.............
##.............


You could see a seven-headed hydra.

Vanquished Creatures
  Eustachio (D:4)
  A water moccasin (D:6)
  A black bear (D:9)
  A phantom (D:8)
  2 ice beasts (D:7)
  2 wolves (D:7)
  A crocodile (D:7)
  3 bullfrogs
  A scorpion (D:7)
  2 wights (D:9)
  A howler monkey (D:9)
  A centaur zombie (D:7)
  3 crimson imps
  2 bullfrog skeletons
  A hound (D:5)
  2 centaur skeletons
  A jelly (D:8)
  An iguana (D:4)
  4 orc wizards
  Jessica (D:2)
  Ijyb (D:3)
  4 worker ants
  A hound zombie (D:5)
  A worker ant zombie (D:7)
  3 gnolls (D:2)
  6 adders
  A shadow imp (D:4)
  An adder skeleton (D:7)
  3 worms
  9 leopard geckos
  10 orcs
  A ball python (D:3)
  6 bats
  A bat zombie (D:6)
  6 giant cockroaches
  5 hobgoblins
  13 jackals
  5 quokkas
  5 frilled lizards
  13 goblins
  4 kobolds
  A leopard gecko skeleton (D:8)
  A leopard gecko zombie (D:5)
  8 rats
  3 rat zombies (D:6)
144 creatures vanquished.

Vanquished Creatures (collateral kills)
  Psyche (D:8)
  A spiny frog (Lair:1)
  A komodo dragon (Lair:1)
  2 hippogriffs
  Grum (D:8)
  2 hungry ghosts (D:7)
  4 water moccasins
  A black bear (D:7)
  4 ogres
  An ice beast (D:5)
  A wolf (D:8)
  2 centaurs
  A crocodile (Lair:1)
  A big kobold (D:9)
  2 bullfrogs
  2 scorpions
  A wight (D:9)
  3 hounds
  6 orc wizards
  A gnoll shaman (D:4)
  A bullfrog skeleton (D:6)
  3 orc priests
  2 worker ants
  A howler monkey skeleton (D:6)
  5 gnolls (D:4)
  An adder (D:4)
  A shadow imp (D:6)
  An adder skeleton (D:4)
  A leopard gecko (D:6)
  9 orcs
  4 goblins (D:4)
  5 jackals (D:5)
  7 kobolds (D:9)
  A leopard gecko zombie (D:6)
  A quokka skeleton (D:9)
81 creatures vanquished.

Grand Total: 225 creatures vanquished

Notes
Turn   | Place    | Note
-------+----------+-------------------------------------------
     0 | D:1      | deorigin the Merfolk Ice Elementalist began the quest for
                  | the Orb.
     0 | D:1      | Reached XP level 1. HP: 13/13 MP: 3/3
   306 | D:1      | Reached XP level 2. HP: 3/19 MP: 0/5
  1108 | D:2      | Noticed Jessica
  1115 | D:2      | Killed Jessica
  1115 | D:2      | Reached XP level 3. HP: 6/24 MP: 2/7
  1694 | D:2      | Reached XP level 4. HP: 27/30 MP: 0/8
  2018 | D:1      | Learned a level 4 spell: Summon Ice Beast
  2275 | D:2      | Reached skill level 1 in Polearms
  2289 | D:2      | Found a hide-covered altar of Uskayaw.
  2290 | D:2      | Noticed a +0 dagger
  2290 | D:2      | Noticed a +0 hand axe
  2394 | D:3      | Noticed Ijyb
  2411 | D:3      | Killed Ijyb
  2411 | D:3      | Reached skill level 2 in Polearms
  2411 | D:3      | Reached XP level 5. HP: 32/35 MP: 5/10
  2524 | D:3      | Reached skill level 3 in Polearms
  2534 | D:3      | Reached skill level 4 in Polearms
  3154 | D:3      | Reached skill level 5 in Polearms
  3260 | D:3      | Reached skill level 1 in Summonings
  3518 | D:4      | Reached XP level 6. HP: 41/41 MP: 9/11
  3615 | D:4      | Found a staircase to the Ecumenical Temple.
  3626 | Temple   | Entered the Ecumenical Temple
  3998 | D:4      | Noticed Eustachio
  4028 | D:4      | Killed Eustachio
  4382 | D:4      | Reached XP level 7. HP: 24/46 MP: 5/12
  4616 | D:4      | Found a runed translucent gate.
  4616 | D:4      | Found a runed translucent gate.
  4616 | D:4      | Found a runed translucent gate.
  4616 | D:4      | Noticed tstbtto's ghost (amateur HuBe)
  4617 | D:4      | Identified the cursed +1 whip "Lorac" {pain, rF+}
  4664 | D:4      | Noticed a ynoxinul
  5715 | D:5      | Entered Level 5 of the Dungeon
  5721 | D:5      | Reached skill level 5 in Ice Magic
  5976 | D:5      | Reached skill level 5 in Summonings
  6289 | D:5      | Learned a level 4 spell: Throw Icicle
  6352 | D:5      | Reached XP level 8. HP: 52/52 MP: 8/14
  7434 | D:6      | Found a deep blue altar of Sif Muna.
  7749 | D:6      | Found an ancient bone altar of Kikubaaqudgha.
  8735 | D:7      | Found an iron altar of Okawaru.
  8756 | D:7      | Reached skill level 1 in Fighting
  8832 | D:7      | Reached skill level 6 in Polearms
  8889 | D:7      | Reached skill level 7 in Polearms
  8907 | D:7      | Reached XP level 9. HP: 11/61 MP: 0/15
  9324 | D:7      | Reached skill level 8 in Polearms
  9848 | D:7      | Reached skill level 1 in Conjurations
 10118 | D:7      | Found a radiant altar of Vehumet.
 10227 | D:7      | Found a burning altar of Makhleb.
 10227 | D:7      | Noticed a balrug
 10230 | D:7      | Noticed a smoke demon
 10230 | D:7      | Noticed a smoke demon
 10232 | D:7      | Became a worshipper of Makhleb the Destroyer
 10577 | D:8      | Found a shimmering altar of Xom.
 10578 | D:8      | Found a hazy altar of Hepliaklqana.
 10579 | D:8      | Noticed a spectral ugly thing
 10587 | D:8      | Found a sparkling altar of Nemelex Xobeh.
 10611 | D:8      | Noticed Psyche
 10631 | D:8      | Killed Psyche
 10631 | D:8      | Reached skill level 9 in Polearms
 10909 | D:8      | Noticed Grum
 10937 | D:7      | Reached skill level 5 in Dodging
 11151 | D:8      | Killed Grum
 11152 | D:8      | Reached skill level 10 in Polearms
 11371 | D:8      | Reached XP level 10. HP: 63/71 MP: 16/16
 11879 | D:8      | Found an ornate altar of the Wu Jian Council.
 12127 | D:9      | Noticed a cyan ugly thing
 12210 | D:9      | Reached * piety under Makhleb
 12218 | D:9      | Found a staircase to the Lair.
 12627 | D:9      | Found a glowing golden altar of the Shining One.
 12700 | Lair:1   | Entered Level 1 of the Lair of Beasts
 12709 | Lair:1   | Reached skill level 11 in Polearms
 12817 | Lair:1   | Noticed a spiny frog
 12829 | Lair:1   | Killed a spiny frog
 12912 | Lair:1   | Noticed a seven-headed hydra
 12934 | Lair:1   | Slain by a seven-headed hydra

Levels and vault maps discovered:
D:1:      doesnt_arrival_eight_statues, layout_basic, serial_glass,
          glass_columns_a, glass_columns_c
D:2:      layout_loops_cross, dancing_weapons_uskayaw, uniq_jessica
D:3:      layout_loops_ring, first_ration, uniq_ijyb
D:4:      layout_gridville, minmay_temple_entry_antechambers,
          gammafunk_ghost_nasty_kobolds, minmay_misc_feat_cross,
          minmay_ogre_servants, uniq_eustachio
D:5:      layout_cave_pods
D:6:      layout_loops_ring, lemuel_zombie_altar_kikubaaqudgha,
          lemuel_blue_sif_altar
D:7:      layout_basic, lemuel_round_altar, makhleb_altar_promises_db,
          lemuel_crystal_altar, grunt_ogre_cave
D:8:      layout_layer_cave, regret_index_temple_of_mockery,
          nemelex_xobeh_ov_fountains_minmay, kennysheep_mini_moat, uniq_grum,
          uniq_psyche
D:9:      layout_irregular_city, lemuel_doored_altar, minitemple,
          tso_metal_star, lair_entry_dummy, serial_shops, nicolae_shop_crystal
Temple:   corrupted_temple
Lair:1:   layout_roguey

Skill      XL: |  1  2  3  4  5  6  7  8  9 10 |
---------------+-------------------------------+-----
Spellcasting   | 3 4 |  4.4
Ice Magic      | 4 5 7 |  7.5
Polearms       | 2 5 7 10 11 | 11.3
Summonings     | 1 4 5 |  5.2
Dodging        | 3 5 6 |  6.1
Fighting       | 2 4 |  4.9
Conjurations   | 3 |  3.7
Stealth        | |  2.1

Action                   |  1- 3 |  4- 6 |  7- 9 | 10-12 || total
-------------------------+-------+-------+-------+-------++-------
Melee: Dagger            |    12 |     3 |       |       ||    15
       Spear             |       |    91 |    40 |     9 ||   140
       Halberd           |       |       |   298 |    63 ||   361
 Cast: Freeze            |    45 |   104 |    23 |     6 ||   178
       Summon Ice Beast  |       |     1 |    81 |    20 ||   102
       Throw Icicle      |       |       |     3 |       ||     3
  Use: Scroll            |       |       |    13 |       ||    13
       Potion            |       |       |     2 |       ||     2
 Stab: Sleeping          |     1 |     9 |     5 |     1 ||    16
       Distracted        |       |     1 |     6 |       ||     7
  Eat: Chunk             |     3 |     8 |    17 |     5 ||    33
       Ration            |       |       |     8 |     1 ||     9
Armor: Robe              |     8 |    39 |    43 |       ||    90
       Leather armour    |       |       |    52 |    16 ||    68
Dodge: Dodged            |    27 |   106 |   242 |    42 ||   417

Table legend:
 A = Non-vault XP
 B = Vault XP
 C = Vault XP percentage of total XP
 D = Non-vault monster count
 E = Vault monster count
 F = Vault count percentage of total count
                 A         B        C        D         E       F
            +---------+---------+-------+---------+---------+-------
      Total |    4855 |    1113 |  18.6 |     203 |      22 |   9.8
            +---------+---------+-------+---------+---------+-------
        D:1 |      23 |       0 |   0.0 |      13 |       0 |   0.0
        D:2 |      78 |      37 |  32.2 |      20 |       1 |   4.8
        D:3 |     144 |      36 |  20.0 |      31 |       1 |   3.1
        D:4 |     262 |     277 |  51.4 |      20 |      10 |  33.3
        D:5 |     456 |       0 |   0.0 |      26 |       0 |   0.0
        D:6 |     502 |       5 |   1.0 |      18 |       4 |  18.2
        D:7 |    1459 |     258 |  15.0 |      30 |       3 |   9.1
        D:8 |     701 |     500 |  41.6 |      21 |       3 |  12.5
        D:9 |     608 |       0 |   0.0 |      20 |       0 |   0.0
     Lair:1 |     622 |       0 |   0.0 |       4 |       0 |   0.0
            +---------+---------+-------+---------+---------+-------
